 Dungeon Crawl Stone Soup version 0.22.0-21-g8bd1b0a (webtiles) character file.

22 yevrey the Grasshopper (level 2, -3/14 HPs)
             Began as a Spriggan Warper on Aug 20, 2018.
             Slain by a worm (12 damage)
             ... on level 2 of the Dungeon.
             The game lasted 00:02:49 (1503 turns).

yevrey the Grasshopper (Spriggan Warper)            Turns: 1503, Time: 00:02:49

Health: -3/14      AC:  3    Str:  7    XL:     2   Next: 68%
Magic:  5/6        EV: 19    Int: 14    God:
Gold:   58         SH:  0    Dex: 15    Spells: 2/6 levels left

rFire    . . .     SeeInvis +   a - +0 short sword
rCold    . . .     Gourm    .   (shield restricted)
rNeg     . . .     Faith    .   b - +0 robe
rPois    .         Spirit   .   (helmet restricted)
rElec    .         Reflect  .   p - +0 cloak
rCorr    .         Harm     .   (gloves unavailable)
MR       .....                  (boots unavailable)
Stlth    ++........             (no amulet)
HPRegen  0.04/turn              (no ring)
MPRegen  0.10/turn              (no ring)

@: very quick
A: very small, unfitting armour, see invisible, herbivore, speed 3, slow
metabolism 2
a: no special abilities


You were on level 2 of the Dungeon.
You were not hungry.

You visited 1 branch of the dungeon, and saw 2 of its levels.

You collected 58 gold pieces.

Inventory:

Hand Weapons
 a - a +0 short sword (weapon)
Missiles
 c - 18 sling bullets
 e - 2 tomahawks of dispersal (quivered)
 g - 5 poisoned needles
 m - 11 stones
Armour
 b - a +0 robe (worn)
 p - a +0 cloak (worn)
Scrolls
 d - 2 scrolls of blinking
 h - a scroll of enchant armour {unknown}
 j - a scroll of magic mapping {unknown}
 l - a scroll of identify {unknown}
 n - a scroll of teleportation {unknown}
 o - a scroll of remove curse {unknown}
Potions
 i - 2 potions of magic {unknown}
Comestibles
 f - 2 rations


   Skills:
 + Level 1.6 Fighting
 + Level 2.5 Short Blades
 + Level 1.2 Throwing
 + Level 4.0 Dodging
 * Level 1.5 Stealth
 + Level 2.9 Spellcasting
 + Level 4.4 Translocations


You had 2 spell levels left.
You knew the following spells:

 Your Spells              Type           Power        Failure   Level  Hunger
a - Blink                 Tloc           N/A          5%          2    ##.....
b - Shroud of Golubria    Chrm/Tloc      #.........   13%         2    ##.....

Your spell library contained the following spells:

 Spells                   Type           Power        Failure   Level  Hunger
 Gell's Gravitas          Tloc           ##........   11%         3    ###....
 Lesser Beckoning         Tloc           ##........   11%         3    ###....
 Teleport Other           Tloc           ##......     11%         3    ###....
 Passage of Golubria      Tloc           N/A          34%         4    #####..


Dungeon Overview and Level Annotations

Branches:
Dungeon (2/15)

Altars:


Innate Abilities, Weirdness & Mutations

You are very small and have problems with some larger weapons.
You are too small for most types of armour.
You have supernaturally acute eyesight. (SInv)
You are a herbivore.
You cover ground extremely quickly.
You need to consume almost no food.


Message History

The worm is moderately wounded.
You hit the worm.
The worm is heavily wounded.
The worm misses you.
You barely miss the worm.
The worm is heavily wounded.
The worm completely misses you.
You hit the worm.
The worm is severely wounded.
Your shroud begins to fray at the edges.
You hit the worm.
The worm is severely wounded.
The worm completely misses you.
You hit the worm.
The worm is almost dead.
You barely miss the worm.
The worm is almost dead.
The worm bites you!
Ouch! That really hurt!
You die...

#.## ###.# ..#...
.... #.#..###....
#.#......##
####.#.......###
#.....#........
#....#....##
#.w#.###..##$#
...##.@.†.......#
#........##########
#.................##
#.############.....#
# ..##.....#
#.##..(..#
##.##.....##
#........[.#
#..........#


You could see a worm.

Vanquished Creatures
  2 leopard geckos
  3 giant cockroaches
  4 jackals (D:1)
  2 kobolds (D:2)
  2 bats (D:1)
  2 frilled lizards (D:1)
  2 goblins (D:1)
17 creatures vanquished.

Notes
Turn   | Place    | Note
-------+----------+-------------------------------------------
     0 | D:1      | yevrey the Spriggan Warper began the quest for the Orb.
     0 | D:1      | Reached XP level 1. HP: 10/10 MP: 5/5
     1 | D:1      | Noticed an electric eel
   450 | D:1      | Reached skill level 1 in Stealth
   450 | D:1      | Reached XP level 2. HP: 14/14 MP: 6/6
   477 | D:1      | Learned a level 2 spell: Blink
   480 | D:1      | Learned a level 2 spell: Shroud of Golubria
  1503 | D:2      | Slain by a worm

Skill      XL: |  1  2 |
---------------+-------+-----
Stealth        | 1 |  1.5
Dodging        | 4 |  4.0
Fighting       | |  1.6
Short Blades   | |  2.5
Throwing       | |  1.2
Spellcasting   | |  2.9
Translocations | |  4.4

Action                   || total
-------------------------++-------
Melee: Short sword       ||   101
Throw: Tomahawk          ||     3
 Cast: Shroud of Golubri ||     2
 Stab: Sleeping          ||     3
Armor: Robe              ||    10
Dodge: Dodged            ||    89
